 Dungeon Crawl Stone Soup version 0.22.0-60-ga52c2fc (console) character file.

707 bli the Chopper (level 8, -8/64 HPs)
             Began as a Formicid Abyssal Knight on Sept 10, 2018.
             Was a Priest of Lugonu.
             Mangled by a hornet (16 damage)
             ... on level 4 of the Dungeon.
             The game lasted 00:16:27 (4388 turns).

bli the Chopper (Formicid Abyssal Knight)           Turns: 4388, Time: 00:16:28

Health: -8/64      AC: 10    Str: 17    XL:     8   Next: 0%
Magic:  8/9        EV: 12    Int: 17    God:    Lugonu [***...]
Gold:   228        SH:  0    Dex: 12    Spells: 7/7 levels left

rFire    . . .     SeeInvis +   b - +0 war axe
rCold    . . .     Gourm    .   (no shield)
rNeg     . . .     Faith    .   n - +2 leather armour {rPois}
rPois    +         Spirit   .   (helmet unavailable)
rElec    .         Reflect  .   (no cloak)
rCorr    .         Harm     .   d - +1 pair of gloves
MR       .....                  (no boots)
Stlth    +.........             (no amulet)
HPRegen  0.20/turn              e - ring of teleportation (curse)
MPRegen  0.11/turn              h - +3 ring of protection

@: brilliant
A: permanent stasis, dig shafts and tunnels, four strong arms, antennae 3
a: Dig, Shaft Self, Depart the Abyss, Bend Space, Banish, Renounce Religion


You were on level 4 of the Dungeon.
You worshipped Lugonu.
Lugonu was most pleased with you.
You were not hungry.

You visited 1 branch of the dungeon, and saw 4 of its levels.
You visited the Abyss 1 time.
You also visited: Ossuary.

You collected 228 gold pieces.

Inventory:

Hand Weapons
 a - a +1 hand axe
 b - a +0 war axe (weapon)
Armour
 d - a +1 pair of gloves (worn)
 i - a +0 scale mail
 l - a +0 leather armour
 n - a +2 leather armour of poison resistance (worn)
 s - a +0 ring mail
Jewellery
 e - a cursed ring of teleportation (left hand)
 h - a +3 ring of protection (right hand)
 j - an uncursed ring of wizardry
 p - an uncursed ring of poison resistance
Scrolls
 k - 3 scrolls of teleportation {unknown}
 m - 7 scrolls of identify {unknown}
 o - a scroll of amnesia {unknown}
 q - a scroll of immolation {unknown}
Potions
 f - 2 potions of heal wounds {unknown}
 g - 2 potions of flight {unknown}
 r - a potion of curing
 t - 5 potions of brilliance
 u - a potion of berserk rage {unknown}
 v - 2 potions of haste {unknown}
 w - a potion of might {unknown}
Comestibles
 c - 7 rations
 x - 2 chunks of flesh


   Skills:
 * Level 6.0 Fighting
 + Level 6.0 Axes
 + Level 3.4 Armour
 + Level 2.0 Dodging
 + Level 1.3 Stealth
 + Level 2.3 Invocations


You had 7 spell levels left.
You didn't know any spells.
Your spell library was empty.

Dungeon Overview and Level Annotations

Branches:
Dungeon (4/15)
 Temple: D:4-7

Altars:
Ru
Yredelemnul


Innate Abilities, Weirdness & Mutations

You cannot be hasted, slowed, berserked, paralysed or teleported.
You can dig through walls and to a lower floor.
Your four strong arms can wield two-handed weapons with a shield.
You have a pair of large antennae on your head. (SInv)


Message History

* * * LOW HITPOINT WARNING * * *
It was a potion of brilliance.
You feel clever all of a sudden. The hornet closely misses you.
It was a potion of curing.
You feel better. The hornet misses you.
The hornet You miss the hornet.
The hornet is moderately wounded.
The hornet stings you!
* * * LOW HITPOINT WARNING * * *
The hornet barely misses you. Space bends around you!
You blink.
You aren't carrying any items that you can evoke.
You feel better.
You miss the hornet.
The hornet is moderately wounded.
The hornet closely misses you. x2
You miss the hornet.
The hornet is moderately wounded.
The hornet stings you!
You die...

#.......#.# #.#
###...#.#.##########
##.# ###...#..........#
#..#
##.###########.######.##
#.# #.........#.# #.#
#.#######.#.# #.# #.#
#.#.# #.# #.# #.#.# #.#
#.# #.#.# #######.# #y#
#.#.# ........# #@#
#.#.# #########
#.#######...# #
#.........### #
#####.###<# # #.# #.# #
#.# #.# # #.# #.# #.#
#.# ####.# #.# #....#
#.# ########## #.####


You could see a hornet.

Vanquished Creatures
  4 water moccasin zombies (Ossuary)
  A hound (D:4)
  An orc priest (D:4)
  3 orc wizards
  2 worker ants (D:4)
  3 big kobold zombies (Ossuary)
  A hound skeleton (D:4)
  3 mummies
  A howler monkey skeleton (D:4)
  5 adders
  5 adder zombies (Ossuary)
  5 worms
  2 dart slugs
  2 leopard geckos
  9 orcs
  A ball python (D:4)
  9 giant cockroaches
  5 gnoll zombies (Ossuary)
  14 goblins
  2 hobgoblins
  A quokka (D:4)
  9 bats
  A frilled lizard (D:4)
  4 hobgoblin zombies (Ossuary)
  2 jackal skeletons (D:4)
  8 kobolds
  4 kobold zombies (Ossuary)
  7 orc zombies (Ossuary)
  11 rats
125 creatures vanquished.

Notes
Turn   | Place    | Note
-------+----------+-------------------------------------------
     0 | Abyss:1  | bli the Formicid Abyssal Knight began the quest for the
                  | Orb.
     0 | Abyss:1  | Reached XP level 1. HP: 18/18 MP: 2/2
     0 | Abyss:1  | Found a viscous altar of Jiyva.
    54 | Abyss:1  | Noticed a smoke demon
    62 | D:1      | Escaped the Abyss
   170 | D:1      | Reached * piety under Lugonu
   211 | D:1      | Reached XP level 2. HP: 25/25 MP: 3/3
   446 | D:1      | Reached skill level 1 in Dodging
   561 | D:1      | Reached XP level 3. HP: 25/30 MP: 4/4
   909 | D:2      | Reached skill level 1 in Stealth
   909 | D:2      | Reached XP level 4. HP: 23/38 MP: 5/5
  1243 | D:2      | Reached XP level 5. HP: 40/43 MP: 6/6
  1339 | D:2      | Reached ** piety under Lugonu
  1747 | D:2      | Found a sacrificial altar of Ru.
  2162 | D:3      | Found a basalt altar of Yredelemnul.
  2857 | D:4      | Reached XP level 6. HP: 10/50 MP: 7/7
  2935 | D:4      | Found a sand-covered staircase.
  3117 | Ossuary  | Entered an ossuary
  3365 | Ossuary  | Reached skill level 5 in Fighting
  3378 | Ossuary  | Reached *** piety under Lugonu
  3578 | Ossuary  | Reached XP level 7. HP: 44/56 MP: 8/8
  3697 | Ossuary  | Reached skill level 5 in Axes
  4285 | D:4      | Reached XP level 8. HP: 53/64 MP: 9/9
  4370 | D:4      | Noticed a hornet
  4384 | D:4      | HP: 3/64 [hornet (10)]
  4388 | D:4      | Mangled by a hornet

Skill      XL: |  1  2  3  4  5  6  7 |
---------------+----------------------+-----
Fighting       | 4 5 6 |  6.0
Dodging        | 1 2 |  2.0
Stealth        | 1 |  1.3
Axes           | 3 4 6 |  6.0
Armour         | 3 |  3.4
Invocations    | |  2.3

Action                   |  1- 3 |  4- 6 |  7- 9 || total
-------------------------+-------+-------+-------++-------
Melee: Hand axe          |    86 |   148 |       ||   234
       War axe           |       |   106 |   122 ||   228
Invok: Depart the Abyss  |     1 |       |       ||     1
       Bend Space        |       |       |     1 ||     1
 Abil: Dig               |       |     2 |     1 ||     3
  Use: Potion            |       |       |     3 ||     3
 Stab: Sleeping          |     1 |     1 |       ||     2
  Eat: Chunk             |       |     7 |     2 ||     9
       Ration            |       |     1 |       ||     1
Armor: Leather armour    |    34 |   123 |    52 ||   209
Dodge: Dodged            |    53 |   153 |    79 ||   285
